 Dungeon Crawl Stone Soup version 0.31.0-32-g396128a36d (webtiles) character file.

Game seed: 5905946655467973114

1 leafyfresh the Covert (level 1, -2/23 HPs)
             Began as a Gnoll Delver on Mar 28, 2024.
             Was an Initiate of Okawaru.
             Slain by an orc wizard
             ... wielding a +0 dagger of speed
              (3 damage)
             ... on level 5 of the Dungeon.
             The game lasted 00:00:34 (102 turns).

leafyfresh the Covert (Gnoll Delver)                 Turns: 102, Time: 00:00:35

Health: -2/23      AC:  3    Str: 11    XL:     1   Next: 20%
Magic:  1/1        EV: 13    Int:  9    God:    Okawaru [......]
Gold:   20         SH:  0    Dex: 13    Spells: 0/0 levels left

rFire   . . .        a - +0 short sword
rCold   . . .        (no shield)
rNeg    . . .        b - +0 leather armour
rPois   .            (no helmet)
rElec   .            (no cloak)
rCorr   .            (no gloves)
SInv    .            (no boots)
Will    .....        (no amulet)
Stlth   +            (no ring)
HPRegen 0.23/turn    (no ring)
MPRegen 0.07/turn

%: no passive effects
@: confused
A: fangs 1, strong nose, distributed training
a: Renounce Religion


You were on level 5 of the Dungeon.
You worshipped Okawaru.
Okawaru was noncommittal.
You visited 1 branch of the dungeon, and saw 1 of its levels.

You collected 20 gold pieces.

Inventory:

Hand Weapons
 a - a +0 short sword (weapon)
Armour
 b - a +0 leather armour (worn)
Wands
 g - a wand of digging (3)
Scrolls
 c - a scroll of fog
 d - a scroll of revelation
 e - a scroll of fear (quivered)
Potions
 f - a potion of haste
 h - a potion of enlightenment {unknown}


   Skills:
 + Level 6.4 Fighting
 + Level 4.4 Short Blades
 + Level 0.0 Long Blades
 + Level 0.0 Axes
 + Level 0.0 Maces & Flails
 + Level 0.0 Polearms
 + Level 0.0 Staves
 + Level 0.0 Ranged Weapons
 + Level 0.0 Throwing
 + Level 0.0 Armour
 + Level 4.4 Dodging
 + Level 9.5 Stealth
 + Level 0.0 Shields
 + Level 0.0 Unarmed Combat
 + Level 0.0 Spellcasting
 + Level 0.0 Conjurations
 + Level 0.0 Hexes
 + Level 0.0 Summonings
 + Level 0.0 Necromancy
 + Level 0.0 Translocations
 + Level 0.0 Fire Magic
 + Level 0.0 Ice Magic
 + Level 0.0 Air Magic
 + Level 0.0 Earth Magic
 + Level 0.0 Alchemy
 + Level 0.0 Invocations
 + Level 0.0 Evocations
 + Level 0.0 Shapeshifting


You couldn't memorise any spells.
You didn't know any spells.
Your spell library was empty.

Dungeon Overview and Level Annotations

Branches:
Dungeon (5/15)
 Temple: D:4-7

Altars:
Okawaru


Innate Abilities, Weirdness & Mutations

You have very sharp teeth.
Your uncanny sense of smell can sniff out nearby items.
Your experience applies equally to all skills.


Message History

You see here a quokka corpse.
h - an amethyst potion
There are no items here.
You see here a quokka corpse.
The jelly quivers.
An orc comes into view. It is wielding a +0 mace.
The jelly hits you but does no damage.
The orc wizard gestures at you while chanting.
You are confused.
The orc shouts!
The jelly misses you.
The orc wizard hits you but does no damage.
An orc priest comes into view. It is wielding a +0 mace.
The orc wizard gestures wildly while chanting.
The orc wizard flickers and vanishes!
Deactivating autopickup; reactivate with Ctrl-A.
The orc priest shouts!
You hear a shout!
Unknown command.
You hear a shout!
You hear some strange, mumbled words.
Something tries to affect you, but you resist.
The jelly hits you.
You are splashed with acid.
You hear some strange, mumbled words.
You are more confused.
You bump into the rock wall.
The jelly barely misses you. Something hits you but does no damage.
You bump into the rock wall.
The jelly closely misses you. Something hits you but does no damage.
Something hits you. The jelly attacks as it pursues you!
The jelly barely misses you.
You miss something. Your punch misses something. The jelly hits you.
You are splashed with acid!
* * * LOW HITPOINT WARNING * * *
You bump into the rock wall.
The jelly closely misses you. Something hits you but does no damage.
Found a scroll labelled VIL XOOSEHUIXT.
The orc priest attacks as it pursues you!
The orc priest hits you with a +0 mace.
* * * LOW HITPOINT WARNING * * *
Something hits you.
You die...

#......# .......##
....o...# .o.....###
#...).#######
######......##..##
##..##........†...##
##...{..........###.#
#...@oJo......### ##.
#..#######....# ##
#.. ##..## #. ##.# #.
#.# ?.∆ #.# # ##.#
##..# ##...#


You could see a jelly, an orc priest and an orc.

Vanquished Creatures
  A quokka (D:5)
1 creature vanquished.

Notes
Turn   | Place    | Note
-------+----------+-------------------------------------------
     0 | D:5      | Reached skill level 9 in Stealth
     0 | D:5      | leafyfresh the Gnoll Delver began the quest for the Orb.
     0 | D:5      | Reached XP level 1. HP: 23/23 MP: 1/1
     1 | D:5      | Noticed a killer bee
     1 | D:5      | Noticed a killer bee
     7 | D:5      | Became a worshipper of Warmaster Okawaru
    70 | D:5      | Noticed an orc wizard
    70 | D:5      | Noticed a jelly
    92 | D:5      | Noticed an orc priest
   102 | D:5      | HP: 1/23 [orc priest/+0 mace (2)]
   102 | D:5      | Slain by an orc wizard

Illustrated notes

Levels and vault maps discovered:
D:5:      layout_layer_cave, mainiacjoe_overflow_concentric_impassable,
          gammafunk_temple_overflow_statue, okawaru_ov_weapons_minmay

Skill      XL: | |
---------------+-+-----
Stealth        | |  9.5
Fighting       | |  6.4
Short Blades   | |  4.4
Dodging        | |  4.4

Action                     || total
---------------------------++-------
  Melee: Short sword       ||     2
   Stab: Sleeping          ||     1
 Armour: Leather armour    ||    10
  Dodge: Dodged            ||     5
